 Dungeon Crawl Stone Soup version 0.24-a0-333-g864f2b5 (webtiles) character file.

Game seed: 9715627538942040852

197 Borgoz the Cutter (level 6, -3/42 HPs)
             Began as a Halfling Gladiator on May 18, 2019.
             Was an Initiate of Ashenzari.
             Slain by a hound (6 damage)
             ... on level 4 of the Dungeon.
             The game lasted 00:05:01 (2535 turns).

Borgoz the Cutter (Halfling Gladiator)              Turns: 2535, Time: 00:05:02

Health: -3/42      AC:  5    Str: 16    XL:     6   Next: 5%
Magic:  6/6        EV: 17    Int:  6    God:    Ashenzari [......]
Gold:   177        SH:  0    Dex: 17    Spells: 5/5 levels left

rFire    . . .     SeeInvis .   a - +0 rapier
rCold    . . .     Gourm    .   (shield restricted)
rNeg     . . .     Faith    .   s - +0 leather armour {rPois}
rPois    +         Spirit   .   c - +0 helmet
rElec    .         Reflect  .   (no cloak)
rCorr    .         Harm     .   (no gloves)
MR       .....                  x - +0 pair of boots
Stlth    +.........             (no amulet)
HPRegen  0.14/turn              (no ring)
MPRegen  0.10/turn              (no ring)

@: very slightly contaminated, invisible
A: small, mutation resistance 1
a: Curse Item, Renounce Religion


You were on level 4 of the Dungeon.
You worshipped Ashenzari.
Ashenzari was noncommittal.
You were not hungry.

You visited 1 branch of the dungeon, and saw 4 of its levels.

You collected 177 gold pieces.

Inventory:

Hand Weapons
 a - a +0 rapier (weapon)
Missiles
 d - 3 throwing nets (quivered)
Armour
 c - a +0 helmet (worn)
 s - a +0 leather armour of poison resistance (worn)
 x - a +0 pair of boots (worn)
Jewellery
 l - a +2 ring of dexterity
 n - a +3 ring of strength
Scrolls
 e - a scroll of amnesia {unknown}
 h - a scroll of blinking {unknown}
 k - a scroll of fear {unknown}
 m - a scroll of identify {unknown}
 o - 2 scrolls of enchant armour {unknown}
 r - a scroll of immolation {unknown}
 u - 3 scrolls of remove curse
Potions
 i - a potion of lignification {unknown}
 j - 2 potions of berserk rage {unknown}
 p - a potion of resistance {unknown}
 q - 2 potions of brilliance {unknown}
 t - a potion of haste {unknown}
 v - 2 potions of degeneration {unknown}
 w - 2 potions of curing {unknown}
Comestibles
 b - a chunk of flesh
 f - 5 rations


   Skills:
 + Level 3.0 Fighting
 + Level 4.9 Short Blades
 - Level 2.4 Throwing
 + Level 2.1 Armour
 + Level 4.4 Dodging


You had 5 spell levels left.
You didn't know any spells.
Your spell library was empty.

Dungeon Overview and Level Annotations

Branches:
Dungeon (4/15)
 Temple: D:4-7

Altars:
Ashenzari
Fedhas
Trog


Innate Abilities, Weirdness & Mutations

You are small and have problems with some larger weapons.
You are somewhat resistant to further mutation.


Message History

You are too injured to fight recklessly!
You are too injured to fight recklessly!
You are too injured to fight recklessly!
You closely miss the orc. The orc closely misses you.
The orc priest invokes the aid of Beogh against you.
The orc writhes in agony!
The orc dies!
The orc wizard misses you.
The orc priest mumbles some strange prayers to Beogh against you.
Pain shoots through your body!
* * * LOW HITPOINT WARNING * * *
Things that are here:
a +0 ring mail; an orc corpse You hit the orc priest but do no damage.
The hound completely misses you. The orc misses you. The orc priest misses you.
The orc wizard points at you and mumbles some strange words.
The magic dart hits you.
* * * LOW HITPOINT WARNING * * *
Something hits you but does no damage. The hound bites you.
You die...

#....÷.<.......#
#.[.............
#...............
####.###........ #.#
##.###### ## #.# #.#
####... #.# #.##.....<.
##### ###.####o#........
....## #.....o.@hs)..(...
###..## #.......o{........
####..###.................
...##.....[......o........
##..........>.....[...>...
................##........
.....÷###.................
.................####.....
...###.............


You could see a hound, an orc priest, 2 orc wizards, an orc and a giant
cockroach.

Vanquished Creatures
  A howler monkey (D:4)
  A bullfrog skeleton (D:4)
  3 gnolls (D:3)
  2 adders (D:2)
  An ooze (D:1)
  3 worms
  A dart slug (D:2)
  A leopard gecko (D:3)
  3 orcs
  4 giant cockroaches
  12 goblins
  15 hobgoblins
  A quokka (D:2)
  2 ball pythons
  3 bats (D:1)
  2 frilled lizards
  5 kobolds
  2 rats
  A fungus (D:3)
63 creatures vanquished.

Vanquished Creatures (others)
  An orc (D:4)
1 creature vanquished.

Grand Total: 64 creatures vanquished

Notes
Turn   | Place    | Note
-------+----------+-------------------------------------------
     0 | D:1      | Borgoz the Halfling Gladiator began the quest for the Orb.
     0 | D:1      | Reached XP level 1. HP: 14/14 MP: 1/1
    91 | D:1      | Reached XP level 2. HP: 19/19 MP: 2/2
   227 | D:1      | Found a shattered altar of Ashenzari.
   240 | D:1      | Became a worshipper of Ashenzari the Shackled
   327 | D:1      | Reached XP level 3. HP: 22/24 MP: 3/3
   878 | D:2      | Found a bloodstained altar of Trog.
   917 | D:2      | Reached XP level 4. HP: 29/30 MP: 4/4
  1219 | D:3      | Found a blossoming altar of Fedhas.
  1276 | D:3      | Reached skill level 1 in Armour
  1321 | D:3      | Reached XP level 5. HP: 7/35 MP: 5/5
  2331 | D:4      | Reached XP level 6. HP: 18/42 MP: 6/6
  2535 | D:4      | Slain by a hound

Levels and vault maps discovered:
D:1:      minmay_arrival_four_circles, layout_basic, ashenzari_altar_1
D:2:      layout_loops_ring, minmay_misc_feat_encased, bloody_trog
D:3:      layout_loops_ring, fedhas_altar_3, first_ration,
          kennysheep_cross_bottleneck
D:4:      layout_rooms

Skill      XL: |  1  2  3  4  5 |
---------------+----------------+-----
Fighting       | 2 3 |  3.0
Short Blades   | 4 |  4.9
Armour         | 1 2 |  2.1
Dodging        | 4 |  4.4
Throwing       | |  2.4

Action                   |  1- 3 |  4- 6 || total
-------------------------+-------+-------++-------
Melee: Rapier            |    87 |   158 ||   245
  Use: Potion            |       |     1 ||     1
 Stab: Sleeping          |       |     2 ||     2
       Invisible         |       |     1 ||     1
  Eat: Chunk             |       |     5 ||     5
Armor: Leather armour    |    14 |    16 ||    30
       Ring mail         |    19 |       ||    19
Dodge: Dodged            |    64 |   103 ||   167

Table legend:
 A = Non-vault XP
 B = Vault XP
 C = Vault XP percentage of total XP
 D = Non-vault monster count
 E = Vault monster count
 F = Vault count percentage of total count
                 A         B        C        D         E       F
            +---------+---------+-------+---------+---------+-------
      Total |     282 |       0 |   0.0 |      62 |       0 |   0.0
            +---------+---------+-------+---------+---------+-------
        D:1 |      38 |       0 |   0.0 |      20 |       0 |   0.0
        D:2 |      52 |       0 |   0.0 |      13 |       0 |   0.0
        D:3 |      95 |       0 |   0.0 |      25 |       0 |   0.0
        D:4 |      97 |       0 |   0.0 |       4 |       0 |   0.0
            +---------+---------+-------+---------+---------+-------
